 Dungeon Crawl Stone Soup version 0.31-a0-1603-gbec6b6ccbf (webtiles) character file.

Game seed: 10236347000693487265

5619 Implojin the Protected (level 11, -11/67 HPs)
             Began as a Formicid Gladiator on Jan 7, 2024.
             Was a Follower of Hepliaklqana.
             Mangled by a two-headed ogre
             ... wielding a +0 giant club
              (12 damage)
             ... on level 9 of the Dungeon.
             The game lasted 00:32:22 (10029 turns).

Implojin the Protected (Formicid Gladiator)        Turns: 10029, Time: 00:32:23

Health: -11/67     AC: 16    Str: 20    XL:     11   Next: 3%
Magic:  11/11      EV: 19    Int:  7    God:    Hepliaklqana [*.....]
Gold:   587        SH:  0    Dex: 25    Spells: 10/10 levels left

rFire   . . .        o - +4 short sword of the Vulture {freeze, rElec}
rCold   . . .        (no shield)
rNeg    . . .        q - +0 acid dragon scales
rPois   .            (helmet unavailable)
rElec   +            j - +0 cloak
rCorr   +            I - +0 pair of gloves
SInv    +            (no boots)
Will    +....        (no amulet)
Stlth   +++          w - +6 ring of dexterity
HPRegen 0.31/turn    F - +4 ring of protection
MPRegen 0.12/turn

%: no passive effects
@: studying Armour
A: reduced essence, permanent stasis, dig shafts and tunnels, antennae 3, four
strong arms
a: Dig, Shaft Self, Renounce Religion, Recall Ancestor, Ancestor Identity


You were on level 9 of the Dungeon.
You worshipped Hepliaklqana.
Hepliaklqana was aware of your devotion.
You visited 2 branches of the dungeon, and saw 10 of its levels.
You also visited: Sewer and Ossuary.

You collected 587 gold pieces.

Inventory:

Hand Weapons
 a - a +1 rapier
 f - a +2 short sword of venom
 o - the +4 short sword of the Vulture (weapon) {freeze, rElec}
   (You found it on level 2 of the Dungeon)

   rElec:     It insulates you from electricity.
 B - a +1 great sword of electrocution
 N - a +2 dagger of electrocution
 P - a +3 dagger of distortion
Missiles
 d - a javelin
 g - 14 boomerangs
 p - 51 poisoned darts (quivered)
Armour
 b - a +2 robe of willpower
 i - a +2 robe of resistance
 j - a +0 cloak (worn)
 q - +0 acid dragon scales (worn)
 u - a +0 kite shield
 v - a +0 buckler
 I - a +0 pair of gloves (worn)
 L - a +0 plate armour
Jewellery
 w - a +6 ring of dexterity (left hand)
 F - a +4 ring of protection (right hand)
Wands
 c - a wand of flame (24)
 G - a wand of paralysis (13)
 O - a wand of mindburst (7)
Scrolls
 h - 4 scrolls of fear
 m - a scroll of enchant weapon
 H - a scroll of immolation
 K - a scroll of revelation
 M - a scroll of silence
Potions
 e - 2 potions of curing {unknown}
 k - 3 potions of cancellation
 n - 2 potions of ambrosia
 r - 4 potions of enlightenment
 s - 2 potions of brilliance {unknown}
 t - 3 potions of heal wounds
 A - a potion of mutation {unknown}
 E - 2 potions of attraction {unknown}
 J - a potion of resistance {unknown}


   Skills:
 - Level 3.0 Fighting
 - Level 8.0 Short Blades
 - Level 2.0 Throwing
 - Level 12.0 Armour
 - Level 9.1 Dodging
 - Level 6.0 Stealth
 * Level 4.5 Evocations


You had 10 spell levels left.
You didn't know any spells.
Your spell library contained the following spells:

 Spells                   Type           Power      Damage    Failure   Level
 Kiss of Death            Conj/Necr      0%         2d5       50%         1
 Magic Dart               Conj           0%         1d3       50%         1
 Necrotise                Necr           0%         1d4       50%         1
 Lesser Beckoning         Tloc           0%         N/A       63%         2
 Searing Ray              Conj           0%         2d4       63%         2
 Confusing Touch          Hex            0%         N/A       86%         3
 Dazzling Flash           Conj/Hex       0%         N/A       86%         3
 Gell's Gravitas          Tloc           0%         N/A       86%         3
 Ozocubu's Armour         Ice            0%         N/A       86%         3
 Teleport Other           Tloc           0%         N/A       86%         3
 Vampiric Draining        Necr           0%         2d6       86%         3
 Volatile Blastmotes      Fire/Tloc      0%         2d10      86%         3
 Dispel Undead            Necr           0%         3d6       99%         4
 Fulminant Prism          Conj/Alch      0%         3d5       99%         4
 Martyr's Knell           Necr/Summ      0%         N/A       99%         4
 Curse of Agony           Necr           0%         N/A       100%        5
 Metabolic Englaciation   Hex/Ice        0%         N/A       100%        5
 Dispersal                Tloc           0%         N/A       100%        6
 Sculpt Simulacrum        Ice/Alch       0%         N/A       100%        6
 Starburst                Conj/Fire      0%         6d3       100%        6
 Ozocubu's Refrigeration  Ice            0%         4d7       100%        7
 Maxwell's Capacitive Co  Air            0%         ∞         100%        8
 Polar Vortex             Ice            0%         N/A       100%        9


Dungeon Overview and Level Annotations

Branches:
Dungeon (9/15)             Temple (1/1) D:6           Sewer (visited)
Ossuary (visited)
   Lair: D:8-11         Orc: D:9-12

Altars:
Ashenzari
Cheibriados
Dithmenos
Elyvilon
Fedhas
Gozag
Hepliaklqana
Kikubaaqudgha
Makhleb
Nemelex Xobeh
Okawaru
Qazlal
Ru
Sif Muna
Trog
Uskayaw
Vehumet
Wu Jian
Xom
Yredelemnul
Zin
The Shining One

Annotations:
D:7 3 runed translucent doors, exclusion: 3 doors, SovietPaperclip's ghost, novice HOFi
D:8 1 transporter


Innate Abilities, Weirdness & Mutations

Your life essence is reduced to manifest your ancestor. (-10% HP)
You cannot be hasted, slowed, berserked, paralysed or teleported.
You can dig through walls and to a lower floor.
You have a pair of large antennae on your head. (SInv)
Your four strong arms can wield two-handed weapons with a shield.


Message History

You throw a poisoned dart.
The poisoned dart completely misses the two-headed ogre.
Aiming: Paralyse
Press: ? - help, Shift-Dir - straight line, f/p - two-headed ogre
Aim: a two-headed ogre, wielding a +0 giant club and a +0 giant spiked club (ally target, chance to affect: 42%)
The two-headed ogre resists with some effort.
Crab hits the two-headed ogre but does no damage.
You hit the two-headed ogre but do no damage.
Crab barely misses the two-headed ogre.
You hit the two-headed ogre. You freeze the two-headed ogre.
The two-headed ogre is lightly wounded.
The two-headed ogre hits you with a +0 giant club!
The two-headed ogre hits you with a +0 giant spiked club.
Aiming: Paralyse
Press: ? - help, Shift-Dir - straight line, f/p - two-headed ogre
Aim: a two-headed ogre, wielding a +0 giant club and a +0 giant spiked club (lightly wounded, ally target, chance to affect: 42%)
The two-headed ogre resists with some effort.
Crab barely misses the two-headed ogre.
Aiming: Paralyse
Press: ? - help, Shift-Dir - straight line, f/p - two-headed ogre
Aim: a two-headed ogre, wielding a +0 giant club and a +0 giant spiked club (lightly wounded, ally target, chance to affect: 42%)
The two-headed ogre resists with some effort.
The two-headed ogre closely misses you.
The two-headed ogre hits you with a +0 giant spiked club!
Crab hits the two-headed ogre.
You completely miss the two-headed ogre.
The two-headed ogre is lightly wounded.
Crab hits the two-headed ogre!
You hit the two-headed ogre but do no damage.
The two-headed ogre is moderately wounded.
The two-headed ogre hits you with a +0 giant club!!
The two-headed ogre hits you with a +0 giant spiked club!!
Danger: Low HP Warning |T3| Reason: 1% HP (1/67)
Okay, then.
As you read the scroll of fear, it crumbles to dust.
You assume a fearsome visage.
The two-headed ogre looks frightened!
Crab hits the two-headed ogre.
Crab's attack snaps the two-headed ogre out of its fear.
The two-headed ogre hits you with a +0 giant club!
You die...

#.....#....#....≈§_8≈§§##########
...............§≈§§≈§§...........
......#)).......§≈≈§≈§..#########
.....).#####.#...§§§§§.#....# ##
..)....# #.#..§§.....'....+ .
#.....)#####.#.......(##....#####
#####...##............#..........
#.....#.#######....####.....####[
#..........####.@OR# #.....# #..
#............##....# #.....# #..
#..........#.##....# #.....# #.#
...........#.......+ #.....# #.#
###############....# ........ #.#
# #....###.####.. #.# # #....# #.
#...#.# #....# #.....# ######
#......


You could see the friendly Crab the ancestor and a two-headed ogre (ally
target).

Vanquished Creatures
  Psyche (D:8)
  A kobold demonologist (D:9)
  A troll (D:9)
  A hornet (D:8)
  Grinder (D:4)
  Sigmund (D:5)
  A wyvern (D:7)
  Eustachio (D:4)
  A wraith (D:8)
  Duvessa (D:4)
  An acid dragon (D:8)
  4 black bears
  A sky beast (D:6)
  A phantom (D:5)
  Blork the orc (D:5)
  3 kobold brigands
  A gnoll sergeant (D:5)
  3 scorpions
  2 elf zombies (Ossuary)
  14 wights
  Dowan (D:4)
  6 howler monkeys
  2 bombardier beetles (D:5)
  A jelly (D:7)
  A gnoll bouda (D:9)
  A centaur zombie (Ossuary)
  An orc priest (D:5)
  4 hounds
  4 human zombies (Ossuary)
  Terence (D:3)
  Jessica (D:2)
  6 orc wizards
  Ijyb (D:4)
  3 iguanas
  A bullfrog simulacrum (Ossuary)
  2 crocodile zombies (Ossuary)
  A spectral hound (Ossuary)
  3 mummies (Ossuary)
  9 adders
  7 gnolls
  2 river rats (Sewer)
  4 hound simulacra (Ossuary)
  2 shadow imps
  6 ufetubi
  3 spectral adders (Ossuary)
  2 ribbon worms (D:5)
  4 spectral gnolls (Ossuary)
  5 dart slugs
  3 adder simulacra (Ossuary)
  20 orcs
  11 ball pythons
  9 endoplasms
  2 giant cockroaches
  7 gnoll zombies (Ossuary)
  3 goblins
  7 hobgoblins
  17 jackals
  2 quokkas (D:1)
  7 bats
  3 frilled lizards
  A gnoll simulacrum (Ossuary)
  20 kobolds
  5 kobold zombies (Ossuary)
  4 orc zombies (Ossuary)
  7 rats
  2 spectral jackals (Ossuary)
255 creatures vanquished.

Vanquished Creatures (collateral kills)
  An acid dragon (D:8)
  A kobold brigand (D:7)
  A wight (D:9)
  A shadow imp (D:8)
  A white imp (D:8)
  An orc (D:8)
  2 kobolds (D:7)
8 creatures vanquished.

Vanquished Creatures (others)
  2 ancestors
2 creatures vanquished.

Grand Total: 265 creatures vanquished

Notes
Turn   | Place    | Note
-------+----------+-------------------------------------------
     0 | D:1      | Implojin the Formicid Gladiator began the quest for the
                  | Orb.
     0 | D:1      | Reached XP level 1. HP: 16/16 MP: 1/1
   101 | D:1      | Reached skill level 1 in Stealth
   116 | D:1      | Reached XP level 2. HP: 12/22 MP: 2/2
   581 | D:1      | Reached XP level 3. HP: 27/27 MP: 3/3
  1248 | D:1      | Reached XP level 4. HP: 33/33 MP: 4/4
  1492 | D:2      | Found a faded altar of an unknown god.
  1549 | D:2      | Identified the +4 short sword of the Vulture {freeze,
                  | rElec}
  1704 | D:2      | Reached XP level 5. HP: 31/38 MP: 5/5
  1782 | D:2      | Noticed Jessica
  1801 | D:2      | Killed Jessica
  1804 | D:2      | Reached skill level 5 in Stealth
  1844 | D:2      | Found an ancient bone altar of Kikubaaqudgha.
  2349 | D:3      | Reached XP level 6. HP: 44/44 MP: 6/6
  2692 | D:3      | Noticed Terence
  2702 | D:3      | Killed Terence
  2853 | D:4      | Noticed Eustachio
  2867 | D:4      | Killed Eustachio
  2868 | D:4      | Reached skill level 5 in Short Blades
  2868 | D:4      | Reached XP level 7. HP: 32/50 MP: 7/7
  2933 | D:4      | Noticed Grinder
  2984 | D:4      | Noticed Duvessa
  2984 | D:4      | Noticed Dowan
  3453 | D:4      | Noticed Ijyb
  3463 | D:4      | Killed Ijyb
  3623 | D:4      | Killed Duvessa
  3625 | D:4      | Killed Dowan
  4226 | D:4      | Killed Grinder
  4227 | D:4      | Reached XP level 8. HP: 47/58 MP: 8/8
  4308 | D:5      | Entered Level 5 of the Dungeon
  4343 | D:5      | Noticed Blork the orc
  4376 | D:5      | Noticed Sigmund
  4388 | D:5      | Killed Sigmund
  4430 | D:5      | Found a glowing drain.
  4478 | D:5      | Killed Blork the orc
  4513 | Sewer    | Entered a sewer
  4523 | Sewer    | Reached skill level 5 in Dodging
  4613 | Sewer    | Reached XP level 9. HP: 40/63 MP: 9/9
  4636 | Sewer    | Found a glowing silver altar of Zin.
  5101 | D:5      | HP: 1/57 [wight/+4 mace (4)]
  6419 | D:6      | Found a staircase to the Ecumenical Temple.
  6428 | Temple   | Entered the Ecumenical Temple
  6447 | Temple   | Became a worshipper of Hepliaklqana the Forgotten
  6525 | D:6      | Found a sand-covered staircase.
  6532 | Ossuary  | Entered an ossuary
  7118 | Ossuary  | Identified a scroll of acquirement
  7119 | Ossuary  | Acquired a manual of Armour
  7300 | D:6      | Reached XP level 10. HP: 70/70 MP: 10/10
  7604 | D:7      | Reached skill level 2 in Armour
  7617 | D:7      | Reached skill level 3 in Armour
  7700 | D:7      | Reached skill level 4 in Armour
  7828 | D:7      | Reached skill level 5 in Armour
  7852 | D:7      | Reached skill level 6 in Armour
  7956 | D:7      | Reached * piety under Hepliaklqana
  8031 | D:7      | Reached skill level 7 in Armour
  8192 | D:7      | Noticed SovietPaperclip's ghost (novice HOFi)
  8193 | D:7      | Found a runed translucent gate.
  8213 | D:7      | Reached skill level 8 in Armour
  8224 | D:7      | Found a runed translucent gate.
  8225 | D:7      | Found a runed translucent gate.
  8229 | D:7      | Identified the +1 plate armour of Greater Demons {rPois}
  8625 | D:8      | Noticed Psyche
  8639 | D:8      | Reached skill level 9 in Armour
  8642 | D:8      | Killed Psyche
  8653 | D:8      | Reached skill level 10 in Armour
  9039 | D:8      | Reached skill level 11 in Armour
  9319 | D:8      | Found a transporter.
  9324 | D:8      | Found a transporter.
  9324 | D:8      | Found a transporter.
  9326 | D:8      | Found a transporter.
  9633 | D:9      | Reached skill level 12 in Armour
  9633 | D:9      | Reached skill level 1 in Evocations
  9642 | D:9      | Noticed a kobold demonologist
  9665 | D:9      | Killed a kobold demonologist
  9836 | D:9      | Found a shadowy altar of Dithmenos.
  9881 | D:9      | Reached XP level 11. HP: 56/64 MP: 11/11
 10017 | D:9      | Noticed a two-headed ogre
 10028 | D:9      | HP: 1/67 [two-headed ogre/+0 giant club (23)]
 10029 | D:9      | Mangled by a two-headed ogre

Illustrated notes

Levels and vault maps discovered:
D:1:      reono_arrival_mine, layout_loops_corners, st_stairs_1
D:2:      layout_basic, shapermc_ecumenical_altar_pompeii, basic_altar,
          uniq_jessica
D:3:      layout_basic, uniq_terence
D:4:      layout_loops_ring, hangedman_decor_peaks_small, uniq_duvessa,
          uniq_grinder, uniq_ijyb, uniq_eustachio
D:5:      wander_river, layout_loops_ring, cheibrodos_sewer_entry_drain,
          corexii_shack, uniq_sigmund, uniq_blork_the_orc
D:6:      layout_basic, minmay_temple_entry_large_hall,
          nicolae_ossuary_entry_ruins, bh_walls_and_bars
D:7:      layout_basic, biasface_ghost_orc_armoury
D:8:      layout_cave_pools, nicolae_diode_intersection, uniq_psyche
D:9:      layout_basic, general_overflow_altar, david_lair_shrubbed,
          due_unseen_surprise
Temple:   compressed_dpeg_triangle_lava_temple

Skill      XL: |  1  2  3  4  5  6  7  8  9 10 |
---------------+-------------------------------+-----
Stealth        | 2 3 4 6 |  6.0
Short Blades   | 4 5 7 8 |  8.0
Fighting       | 3 |  3.0
Dodging        | 5 9 |  9.1
Armour         | 12 | 12.0
Evocations     | 4 |  4.5
Throwing       | |  2.0

Action                     |  1- 3 |  4- 6 |  7- 9 | 10-12 || total
---------------------------+-------+-------+-------+-------++-------
  Melee: Rapier            |   119 |    14 |       |       ||   133
         Punch             |     1 |     1 |     6 |     6 ||    14
         Short sword       |       |    81 |   527 |   268 ||   876
  Throw: Throwing net      |       |     6 |     6 |       ||    12
         Dart              |       |       |     2 |     3 ||     5
         Boomerang         |       |       |     9 |       ||     9
 Invoke: Ancestor Identity |       |       |       |     2 ||     2
  Evoke: Wand              |       |       |     6 |     9 ||    15
    Use: Scroll            |       |     3 |    10 |     4 ||    17
         Potion            |       |       |     1 |     1 ||     2
   Stab: Sleeping          |     7 |     7 |    17 |     9 ||    40
         Held in net/web   |       |     2 |     5 |       ||     7
         Distracted        |       |       |       |     2 ||     2
 Armour: Leather armour    |    60 |    31 |       |       ||    91
         Scale mail        |       |     8 |    24 |       ||    32
         Ring mail         |       |       |     5 |       ||     5
         Robe              |       |       |   120 |    42 ||   162
         Acid dragon scale |       |       |       |    64 ||    64
  Dodge: Dodged            |    73 |    40 |   260 |   225 ||   598

Table legend: (Time is in decaauts)
 A = Elapsed time spent in this place.
 B = Non-inter-level travel time spent in this place.
 C = Inter-level travel time spent in this place.
 D = Time resting spent in this place.
 E = Time spent auto-exploring this place.
 F = Levels seen in this place.
 G = Mean time per level.
                   A        B        C        D        E       F      G
               +--------+--------+--------+--------+--------+-----+--------+
         Total |   9771 |   9376 |    395 |    849 |   5420 |  12 |  814.2 |
       Dungeon |   8948 |   8553 |    395 |    760 |   5228 |   9 |  994.2 |
        Temple |     38 |     38 |      0 |      0 |      0 |   1 |   38.0 |
         Sewer |    241 |    241 |      0 |      0 |    157 |   1 |  241.0 |
       Ossuary |    543 |    543 |      0 |     89 |     35 |   1 |  543.0 |
               +--------+--------+--------+--------+--------+-----+--------+

Top non-repeatable levels by time:
     D:5: 1717 daAuts
     D:7: 1341 daAuts
     D:1: 1313 daAuts
     D:4: 1282 daAuts
     D:3: 1021 daAuts
     D:2: 762 daAuts
     D:8: 749 daAuts
 Ossuary: 543 daAuts
     D:6: 460 daAuts
     D:9: 298 daAuts
   Sewer: 241 daAuts
  Temple: 38 daAuts
